 Dungeon Crawl Stone Soup version 0.17.1-2-g5865329 (webtiles) character file.

234 Flanowski the Poker (level 6, -2/47 HPs)
             Began as a Merfolk Gladiator on Jan 11, 2016.
             Slain by a jackal (3 damage)
             ... on level 3 of the Dungeon.
             The game lasted 00:04:45 (3553 turns).

Flanowski the Poker (Merfolk Gladiator)             Turns: 3553, Time: 00:04:45

Health: -2/47      AC:  4    Str: 17    XL:     6   Next: 5%
Magic:  6/6        EV: 15    Int:  7    God:
Gold:   111        SH:  0    Dex: 15    Spells: 0 memorised, 5 levels left

rFire  . . .     SeeInvis .     a - +0 trident
rCold  . . .     Clarity  .     b - +0 leather armour
rNeg   . . .     SustAt   .     (no shield)
rPois  .         Gourm    .     c - +0 helmet
rElec  .         Spirit   .     (no cloak)
rCorr  .         Warding  .     (no gloves)
rMut   .         Stasis   .     (no boots)
MR     .....                    (no amulet)
Stlth  ++........               (no ring)
                                (no ring)

@: not resistant to hostile enchantments, unstealthy
A: change form in water, swift swim
a: no special abilities


You were on level 3 of the Dungeon.
You were not hungry.

You visited 1 branch of the dungeon, and saw 4 of its levels.

You collected 111 gold pieces.

Inventory:

Hand Weapons
 a - a +0 trident (weapon)
Missiles
 d - 5 throwing nets (quivered)
Armour
 b - a +0 leather armour (worn)
 c - a +0 helmet (worn)
Scrolls
 g - 3 scrolls of teleportation {unknown}
 h - 3 scrolls of remove curse {unknown}
 i - 3 scrolls of identify {unknown}
 j - a scroll of fog {unknown}
 l - 3 scrolls of random uselessness {unknown}
 m - a scroll of magic mapping {unknown}
Potions
 n - 2 potions of degeneration {unknown}
 o - a potion of curing {unknown}
Comestibles
 e - 2 bread rations
 f - 2 fruits
 p - a beef jerky
 q - 3 chunks of flesh


   Skills:
 + Level 3.2 Fighting
 + Level 6.2 Polearms
 - Level 2.0 Throwing
 + Level 1.2 Armour
 + Level 6.1 Dodging
 + Level 1.3 Stealth


You had 5 spell levels left.
You didn't know any spells.

Dungeon Overview and Level Annotations

Branches:
Dungeon (4/15)
 Temple: D:4-7

Altars:
Fedhas


Message History

You hit the orc wizard.
The orc wizard is almost dead.
The jackal bites you.
* * * LOW HITPOINT WARNING * * *
The jackal closely misses you. The orc wizard barely misses you.
The jackal closely misses you. The jackal completely misses you.
You barely miss the orc wizard.
The orc wizard is almost dead.
The orc wizard gestures at you while chanting.
The magic dart hits you!
* * * LOW HITPOINT WARNING * * *
The jackal closely misses you. x2
The orc wizard gestures wildly while chanting.
The orc wizard blinks!
Drink which item? (? for menu, Esc to quit)
It was a potion of magic.
Magic courses through your body. The jackal misses you.
The jackal barely misses you.
The orc wizard hits you but does no damage.
The jackal bites you.
You die...

#.......#.#####
#.............#
###.#.#####.###.# #######
#...#..#......#.# #.....#
#.####.#÷##.#.#.# #.###.#
#......#....#.#)###.###.#
#########.................
#.........h....###.#......
#.......o@................
#.......†h§...####.#......
#.....)...................
#.............##..........
###....##.....##...##.....
#....##.....##...#######
#....##.....##.))#
#....##.....##...#####
#....###.###.........#


You could see an orc wizard and 2 jackals.

Vanquished Creatures
  A giant frog skeleton (D:4)
  Terence (D:2)
  3 gnolls
  6 adders
  3 worms
  4 giant geckos
  2 orcs
  2 ball pythons
  12 bats
  2 giant cockroaches (D:2)
  9 hobgoblins
  15 jackals
  4 quokkas
  9 goblins
  8 kobolds
  8 rats
89 creatures vanquished.

Notes
Turn   | Place    | Note
--------------------------------------------------------------
     0 | D:1      | Flanowski the Merfolk Gladiator began the quest for the Orb.
     0 | D:1      | Reached XP level 1. HP: 16/16 MP: 1/1
   181 | D:1      | Reached XP level 2. HP: 22/22 MP: 2/2
   515 | D:1      | Reached skill level 5 in Polearms
   515 | D:1      | Reached XP level 3. HP: 22/27 MP: 3/3
   951 | D:2      | Reached skill level 5 in Dodging
  1436 | D:1      | Reached XP level 4. HP: 19/34 MP: 4/4
  1659 | D:2      | Found a blossoming altar of Fedhas.
  2134 | D:2      | Noticed Terence
  2154 | D:2      | Killed Terence
  2154 | D:2      | Reached skill level 1 in Stealth
  2154 | D:2      | Reached XP level 5. HP: 25/41 MP: 5/5
  2844 | D:3      | Reached skill level 1 in Armour
  3414 | D:3      | Reached skill level 6 in Polearms
  3540 | D:4      | Reached XP level 6. HP: 28/47 MP: 6/6
  3552 | D:3      | HP: 1/47 [orc wizard/magic dart (5)]
  3553 | D:3      | Slain by a jackal

Action                   |  1- 3 |  4- 6 || total
-------------------------+-------+-------++-------
Melee: Trident           |   153 |   206 ||   359
  Use: Potion            |       |     1 ||     1
 Stab: Sleeping          |       |     3 ||     3
  Eat: Chunk             |     1 |     8 ||     9
